 Dungeon Crawl Stone Soup version 0.21.1-1-g345015fe64 (webtiles) character file.

2141 eowindel the Insei (level 9, -3/54 HPs)
             Began as an Octopode Transmuter on July 27, 2018.
             Was a Follower of Dithmenos.
             Slain by a hippogriff (8 damage)
             ... on level 7 of the Dungeon.
             The game lasted 00:44:59 (8325 turns).

eowindel the Insei (Octopode Transmuter)            Turns: 8325, Time: 00:45:00

Health: -3/54      AC:  3    Str: 14    XL:     9   Next: 30%
Magic:  13/16      EV: 15    Int: 17    God:    Dithmenos [*.....]
Gold:   385        SH:  0    Dex: 15    Spells: 7/17 levels left

rFire    . . .     SeeInvis .     - Unarmed
rCold    . . .     Gourm    .   (no shield)
rNeg     . . .     Faith    .   (helmet restricted)
rPois    .         Spirit   .   j - amulet of harm
rElec    .         Reflect  .   i - +4 ring of strength
rCorr    .         Harm     +   t - ring of protection from magic
MR       +....                  (no ring)
Stlth    +++++.....             (no ring)
HPRegen  0.18/turn              (no ring)
MPRegen  0.15/turn              (no ring)
                                (no ring)
                                (no ring)

@: appendage, very slightly contaminated, wreathed by umbra
A: almost no armour, stealthy swim, amphibious, 8 rings, constrict 8, tentacle
spike 3, slimy green scales 1, camouflage 1, clever 1, gelatinous body 1
a: End Transformation, Renounce Religion


You were on level 7 of the Dungeon.
You worshipped Dithmenos.
Dithmenos was aware of your devotion.
You were not hungry.
One of your tentacles had a temporary spike.
You visited 2 branches of the dungeon, and saw 8 of its levels.
You also visited: Sewer.

You collected 385 gold pieces.

Inventory:

Missiles
 a - 130 arrows
 g - 7 poisoned javelins (quivered)
Jewellery
 i - a +4 ring of strength (left tentacle)
 j - an amulet of harm (around mantle)
 t - a ring of protection from magic (right tentacle)
Wands
 o - a wand of polymorph (16)
 r - a wand of digging (11)
Scrolls
 f - 6 scrolls of remove curse
 l - 3 scrolls of magic mapping
 p - 2 scrolls of enchant armour
 q - 3 scrolls of teleportation
 y - a scroll of fear {unknown}
Potions
 d - 2 potions of cancellation {unknown}
 e - a potion of curing
 k - 5 potions of heal wounds {unknown}
 m - 2 potions of flight {unknown}
 n - 2 potions of ambrosia {unknown}
 s - 2 potions of berserk rage {unknown}
 u - a potion of agility
 v - a potion of experience {unknown}
 w - a potion of degeneration {unknown}
Books
 b - a book of Changes

   Spells                             Type                      Level
   a - Beastly Appendage              Transmutation                1
   b - Sticks to Snakes               Transmutation                2
   c - Spider Form                    Transmutation/Poison         3
   d - Ice Form                       Ice/Transmutation            4
   e - Blade Hands                    Transmutation                5
 h - a book of Misfortune

   Spells                             Type                      Level
   a - Confusing Touch                Hexes                        1
   b - Confuse                        Hexes                        3
   c - Gell's Gravitas                Translocation                3
   d - Petrify                        Transmutation/Earth          4
   e - Metabolic Englaciation         Hexes/Ice                    5
   f - Yara's Violent Unravelling     Hexes/Transmutation          5
Comestibles
 c - 10 rations
 x - a chunk of flesh


   Skills:
 + Level 2.2 Fighting
 + Level 1.1 Throwing
 + Level 3.5 Dodging
 + Level 6.0 Stealth
 + Level 7.0 Unarmed Combat
 + Level 4.8 Spellcasting
 * Level 6.9 Transmutations
 - Level 0.4 Poison Magic


You had 7 spell levels left.
You knew the following spells:

 Your Spells              Type           Power        Failure   Level  Hunger
a - Beastly Appendage     Tmut           ####..       1%          1    None
b - Sticks to Snakes      Tmut           ####....     1%          2    #......
c - Spider Form           Tmut/Pois      ###.......   10%         3    ###....
d - Ice Form              Ice/Tmut       ###.....     34%         4    ####...


Dungeon Overview and Level Annotations

Branches:
Dungeon (7/15)             Temple (1/1) D:5

Altars:
Ashenzari
Cheibriados
Dithmenos
Gozag
Hepliaklqana
Kikubaaqudgha
Makhleb
Nemelex Xobeh
Okawaru
Qazlal
Sif Muna
Trog
Uskayaw
Vehumet
Wu Jian
Xom
Zin

Shops:
D:4 ?   D:7 [


Innate Abilities, Weirdness & Mutations

You cannot wear most types of armour.
You are very stealthy in the water. (Stealth+)
You are amphibious.
You can wear up to eight rings at the same time.
You can use your tentacles to constrict eight enemies at once.
Your skin changes colour to match your surroundings (Stealth+).
Your rubbery body absorbs attacks. (AC +1, EV +1)
One of your tentacles bears a large vicious spike.
You are partially covered in slimy green scales. (AC +2)
Your mind is acute. (Int +2)


Message History

The hippogriff bites you!
* * * LOW HITPOINT WARNING * * *
The hippogriff pecks you.
* * * LOW HITPOINT WARNING * * *
The hippogriff claws you but does no damage.
You tentacle-slap the hippogriff.
The hippogriff is moderately wounded.
The hippogriff bites you but does no damage.
The hippogriff closely misses you. The hippogriff claws you!
* * * LOW HITPOINT WARNING * * *
You feel better. The hippogriff barely misses you.
The hippogriff closely misses you. The hippogriff barely misses you.
You tentacle-slap the hippogriff.
You pierce the hippogriff, but do no damage.
Your squeeze misses the hippogriff.
The hippogriff is heavily wounded.
The hippogriff bites you.
* * * LOW HITPOINT WARNING * * *
The hippogriff closely misses you. The hippogriff claws you!
You die...

#....## #.#
#....... #.##
#######
#....##..
#..###...[.#
#....# .
##.........#
#....#
####......#
.>....
##......###
......
#.........#
######
#.#.#.#.#.# #
#..@......#
#..#H#.#.#.#
#............#
###..#.#.#=#.#
#..........#
#..#.#.#.#.#
#..........#
#..??...####


You could see a hippogriff.

Vanquished Creatures
  Sigmund (D:2)
  2 ogres
  2 phantoms
  2 ice beasts
  2 centaurs (D:5)
  A crocodile (D:7)
  A big kobold (Sewer)
  Blork the orc (D:6)
  3 bullfrogs
  2 scorpions
  A crimson imp (D:5)
  A bullfrog zombie (D:7)
  A centaur zombie (D:5)
  Crazy Yiuf (D:6)
  2 orc priests (D:4)
  3 hounds
  Jessica (D:3)
  An iguana (D:5)
  Terence (D:3)
  Natasha (thrice) (D:2)
  2 orc wizards (D:4)
  3 worker ants
  2 hound zombies
  A howler monkey skeleton (D:6)
  A worker ant zombie (D:7)
  5 adders
  A river rat (Sewer)
  3 shadow imps
  An ooze (D:7)
  2 adder skeletons
  2 worms
  5 dart slugs
  4 leopard geckos
  8 orcs
  2 ball pythons (D:1)
  4 giant cockroaches
  9 goblins
  14 hobgoblins
  A jackal (Sewer)
  13 kobolds
  4 quokkas
  2 bats (D:1)
  5 frilled lizards (D:1)
  A quokka skeleton (D:6)
  17 rats
144 creatures vanquished.

Notes
Turn   | Place    | Note
-------+----------+-------------------------------------------
     0 | D:1      | eowindel the Octopode Transmuter began the quest for the Orb.
     0 | D:1      | Reached XP level 1. HP: 13/13 MP: 3/3
    84 | D:1      | Reached XP level 2. HP: 14/18 MP: 3/5
   508 | D:1      | Reached XP level 3. HP: 23/23 MP: 4/6
  1003 | D:2      | Learned a level 2 spell: Sticks to Snakes
  1007 | D:2      | Learned a level 3 spell: Spider Form
  1022 | D:2      | Reached XP level 4. HP: 15/28 MP: 5/7
  1295 | D:2      | Noticed Natasha
  1301 | D:2      | Noticed Sigmund
  1323 | D:2      | Killed Natasha
  1323 | D:2      | Reached skill level 1 in Stealth
  1323 | D:2      | Reached skill level 4 in Unarmed Combat
  1689 | D:2      | Noticed Natasha
  1696 | D:2      | Killed Natasha
  1696 | D:2      | Reached XP level 5. HP: 11/33 MP: 7/9
  1830 | D:2      | Noticed Natasha
  1845 | D:2      | Killed Sigmund
  1845 | D:2      | Reached XP level 6. HP: 16/38 MP: 6/11
  2031 | D:2      | Killed Natasha
  2171 | D:2      | Learned a level 4 spell: Ice Form
  2241 | D:3      | Noticed Terence
  2255 | D:3      | Killed Terence
  2255 | D:3      | Reached skill level 1 in Throwing
  2311 | D:3      | Noticed Jessica
  2321 | D:3      | Killed Jessica
  2899 | D:3      | Gained mutation: Your mind is acute. (Int +2) [potion of mutation]
  2899 | D:3      | Gained mutation: You are partially covered in slimy green scales. (AC +2) [potion of mutation]
  3066 | D:4      | Found a glowing drain.
  3070 | Sewer    | Entered a sewer
  3167 | Sewer    | Reached XP level 7. HP: 34/43 MP: 12/12
  3190 | Sewer    | Found a glowing silver altar of Zin.
  3530 | D:4      | Reached skill level 5 in Transmutations
  3714 | D:4      | Found a shadowy altar of Dithmenos.
  3726 | D:4      | Became a worshipper of Dithmenos the Shadowed
  3749 | D:4      | Found a sparkling altar of Nemelex Xobeh.
  3799 | D:4      | Found a shattered altar of Ashenzari.
  3909 | D:4      | Found a bloodstained altar of Trog.
  3973 | D:4      | Found Qywavoh's Magic Scroll Shop.
  4199 | D:4      | Found an ornate altar of the Wu Jian Council.
  4274 | D:4      | Found an opulent altar of Gozag.
  4648 | D:5      | Entered Level 5 of the Dungeon
  4873 | D:5      | Reached XP level 8. HP: 24/48 MP: 10/13
  5116 | D:5      | Reached skill level 5 in Unarmed Combat
  5240 | D:5      | Found a staircase to the Ecumenical Temple.
  5594 | D:5      | Found a snail-covered altar of Cheibriados.
  5832 | D:6      | Found a hide-covered altar of Uskayaw.
  5834 | D:6      | Noticed a dagger
  5835 | D:6      | Noticed a dagger
  6133 | D:6      | Found a radiant altar of Vehumet.
  6151 | D:6      | Reached skill level 6 in Unarmed Combat
  6408 | D:6      | Reached skill level 5 in Stealth
  6737 | D:6      | Found a runed door.
  6814 | D:6      | Noticed Blork the orc
  6819 | D:6      | Killed Blork the orc
  6962 | D:6      | Noticed Crazy Yiuf
  6967 | D:6      | Killed Crazy Yiuf
  6967 | D:6      | Reached XP level 9. HP: 54/54 MP: 8/15
  7259 | Temple   | Entered the Ecumenical Temple
  7479 | D:7      | Found Wisulev's Antique Armour Shoppe.
  7584 | D:7      | Reached * piety under Dithmenos
  8122 | D:7      | Reached skill level 7 in Unarmed Combat
  8325 | D:7      | Slain by a hippogriff

Skill      XL: |  1  2  3  4  5  6  7  8  9 |
---------------+----------------------------+-----
Stealth        | 1 2 3 5 6 |  6.0
Unarmed Combat | 4 6 7 |  7.0
Spellcasting   | 3 4 |  4.8
Transmutations | 3 4 5 6 |  6.9
Throwing       | 1 |  1.1
Dodging        | 3 |  3.5
Fighting       | 2 |  2.2
Poison Magic   | |  0.4

Action                   |  1- 3 |  4- 6 |  7- 9 || total
-------------------------+-------+-------+-------++-------
Melee: Unarmed           |    67 |    78 |   198 ||   343
       Constrict         |    24 |    17 |    29 ||    70
       Kick              |    17 |    19 |    37 ||    73
       Punch             |     4 |     1 |     9 ||    14
       Tentacles         |     8 |    12 |    23 ||    43
Throw: Javelin           |       |    10 |     5 ||    15
 Cast: Beastly Appendage |    17 |    21 |    29 ||    67
       Sticks to Snakes  |       |     4 |     3 ||     7
       Spider Form       |       |     2 |     9 ||    11
 Abil: End Transformatio |       |       |     1 ||     1
  Use: Scroll            |       |     9 |     3 ||    12
       Potion            |       |     2 |     1 ||     3
 Stab: Sleeping          |     4 |     6 |    21 ||    31
       Distracted        |       |     1 |       ||     1
  Eat: Chunk             |       |     8 |    17 ||    25
Armor: Skin              |     3 |     4 |    19 ||    26
Dodge: Dodged            |    35 |    42 |   104 ||   181
